 Dungeon Crawl Stone Soup version 0.31.0-11-ge490571c62 (webtiles) character file.

Game seed: 6564810874927223414

1779185 SnakkuSnakku7 the Executioner (level 26, 226/239 HPs)
             Began as a Ghoul Fire Elementalist on Jan 29, 2024.
             Was the Champion of Wu Jian.
             Escaped with the Orb
             ... and 3 runes!
             The game lasted 01:44:24 (58227 turns).

SnakkuSnakku7 the Executioner (GhFE)               Turns: 58227, Time: 01:44:24

Health: 226/239    AC: 48    Str: 27      XL:     26   Next: 38%
Magic:  25/25      EV: 12    Int: 12 (14) God:    Wu Jian [******]
Gold:   2969       SH: 18    Dex:  6 (9)  Spells: 28/28 levels left

rFire   + + +        a - +9 broad axe (freeze)
rCold   + + .        q - +5 Storm Queen's Shield {shock, Fly rElec}
rNeg    + + +        Z - +9 storm dragon scales of the Curupira {rElec Will+ Str+3}
rPois   ∞            p - +2 helmet
rElec   +            r - +2 cloak {Will+}
rCorr   .            X - +3 pair of gauntlets of War {Slay+5}
SInv    .            g - +2 pair of boots
Will    ++++.        n - amulet "Biumabb" {Fly rF+ Regen+} Stlth
                     b - ring of Divine Compulsion {rF++ rC+ Will+}
HPRegen 1.39/turn    x - +4 ring of protection
MPRegen 0.19/turn

%: no passive effects
@: flying, studying Polearms
A: claws 1, cold resistance 1, negative energy resistance 3, inhibited
regeneration, torment resistance 2, devour on kill
0: Orb of Zot
}: 3/15 runes: decaying, serpentine, abyssal
a: Renounce Religion, Wall Jump, Serpent's Lash, Heavenly Storm


You escaped.
You worshipped Wu Jian.
Wu Jian was exalted by your worship.
You visited 11 branches of the dungeon, and saw 51 of its levels.
You visited the Abyss 1 time.
You also visited: Gauntlet.

You collected 10335 gold pieces.
You spent 7366 gold pieces at shops.

Inventory:

Hand Weapons
 a - a +9 broad axe of freezing (weapon)
Missiles
 y - 13 curare-tipped darts
 L - 8 throwing nets
Armour
 g - a +2 pair of boots (worn)
 p - a +2 helmet (worn)
 q - the +5 Storm Queen's Shield (worn) {shock, Fly rElec}
   (You bought it in a shop on level 2 of the Orcish Mines)

   Shock:     When it blocks an attack, it may electrocute the attacker.
   This works even against foes who are a short distance away.
   rElec:     It insulates you from electricity.
   Fly:       It grants you flight.
 r - a +2 cloak of willpower (worn)
 X - the +3 pair of gauntlets of War (worn) {Slay+5}
   (You bought it in a shop on level 2 of the Orcish Mines)

   Slay+5:    It affects your accuracy & damage with ranged weapons and melee
   (+5).
 Z - the +9 storm dragon scales of the Curupira (worn) {rElec Will+ Str+3}
   (You bought it in a shop on level 3 of the Snake Pit)

   Str+3:     It affects your strength (+3).
   rElec:     It insulates you from electricity.
   Will+:     It increases your willpower.
Jewellery
 b - the ring of Divine Compulsion (left hand) {rF++ rC+ Will+}
   (You took it off a deep elf annihilator on level 3 of the Elven Halls)

   [ring of willpower]

   rF++:      It greatly protects you from fire.
   rC+:       It protects you from cold.
   Will+:     It increases your willpower.
 e - a ring of resist corrosion
 n - the amulet "Biumabb" (around neck) {Fly rF+ Regen+}
   (You took it off a deep elf blademaster on level 3 of the Elven Halls)

   [amulet of regeneration]

   rF+:       It protects you from fire.
   Fly:       It grants you flight.
   Regen+:    It increases your rate of health regeneration.
 u - a ring of wizardry
 x - a +4 ring of protection (right hand)
Wands
 s - a wand of paralysis (2)
 D - a wand of iceblast (66)
 I - a wand of polymorph (5)
 J - a wand of digging (5)
 K - a wand of light (22)
 S - a wand of flame (41)
 W - a wand of mindburst (11)
Scrolls
 c - 23 scrolls of teleportation
 f - 5 scrolls of enchant armour
 l - 11 scrolls of immolation
 o - 5 scrolls of vulnerability
 w - a scroll of silence
 A - 2 scrolls of blinking
 E - 7 scrolls of fog
 O - 3 scrolls of torment
 P - 11 scrolls of fear
 R - 6 scrolls of poison
 T - 2 scrolls of butterflies
Potions
 d - a potion of resistance
 h - a potion of haste
 i - 6 potions of ambrosia
 j - 4 potions of might
 k - 7 potions of brilliance
 m - 4 potions of cancellation
 t - 10 potions of enlightenment
 z - 11 potions of attraction
 B - 5 potions of magic
 C - 17 potions of curing
 G - 2 potions of invisibility
 U - 6 potions of heal wounds
Miscellaneous
 F - a box of beasts
 H - a tin of tremorstones (2/2)
 N - a phial of floods


   Skills:
 - Level 20.0 Fighting
 - Level 21.0 Axes
 - Level 20.0 Armour
 - Level 15.0 Dodging
 - Level 2.1 Stealth
 - Level 20.0 Shields
 - Level 9.3 Unarmed Combat
 - Level 1.7 Spellcasting
 - Level 0.7 Conjurations
 - Level 2.4 Fire Magic
 + Level 13.8 Evocations


You had 28 spell levels left.
You didn't know any spells.
Your spell library contained the following spells:

 Spells                   Type           Power      Damage    Failure   Level
 Foxfire                  Conj/Fire      16%        2x1d4     45%         1
 Scorch                   Fire           12%        2d5       50%         2
 Magic Dart               Conj           8%         1d3       58%         1
 Kiss of Death            Conj/Necr      4%         2d5       65%         1
 Shock                    Conj/Air       4%         1d3       65%         1
 Freeze                   Ice            4%         1d3       69%         1
 Sandblast                Erth           2%         2d4       69%         1
 Summon Small Mammal      Summ           4%         N/A       69%         1
 Searing Ray              Conj           4%         2d4       75%         2
 Momentum Strike          Conj/Tloc      2%         3d8       78%         2
 Static Discharge         Conj/Air       2%         3-4/arc   78%         2
 Blink                    Tloc           2%         N/A       83%         2
 Call Imp                 Summ           2%         N/A       83%         2
 Cigotuvi's Dreadful Rot  Necr/Alch/Air  2%         N/A       83%         2
 Lesser Beckoning         Tloc           2%         N/A       83%         2
 Mercury Vapours          Alch/Air       2%         N/A       83%         2
 Inner Flame              Hex/Fire       3%         N/A       88%         3
 Volatile Blastmotes      Fire/Tloc      6%         2d10      88%         3
 Dazzling Flash           Conj/Hex       2%         N/A       95%         3
 Hailstorm                Conj/Ice       1%         3d5       95%         3
 Mephitic Cloud           Conj/Alch/Air  1%         N/A       95%         3
 Stone Arrow              Conj/Erth      2%         3d7       95%         3
 Call Canine Familiar     Summ           1%         N/A       96%         3
 Confusing Touch          Hex            1%         N/A       96%         3
 Frozen Ramparts          Ice            2%         1d1       96%         3
 Fugue of the Fallen      Necr           1%         N/A       96%         3
 Gell's Gravitas          Tloc           1%         N/A       96%         3
 Ozocubu's Armour         Ice            1%         N/A       96%         3
 Passwall                 Erth           1%         N/A       96%         3
 Sigil of Binding         Hex            1%         N/A       96%         3
 Swiftness                Air            1%         N/A       96%         3
 Teleport Other           Tloc           1%         N/A       96%         3
 Tukima's Dance           Hex            1%         N/A       96%         3
 Vampiric Draining        Necr           1%         2d6       96%         3
 Flame Wave               Conj/Fire      4%         2d5       99%         4
 Sticky Flame             Fire/Alch      3%         2d4       99%         4
 Summon Blazeheart Golem  Fire/Summ      3%         N/A       99%         4
 Airstrike                Air            0%         2d(1-17)  100%        4
 Animate Armour           Summ/Erth      2%         N/A       100%        4
 Animate Dead             Necr           1%         N/A       100%        4
 Brom's Barrelling Bould  Conj/Erth      1%         2d3       100%        4
 Dimensional Bullseye     Hex/Tloc       0%         N/A       100%        4
 Dispel Undead            Necr           1%         3d6       100%        4
 Fulminant Prism          Conj/Alch      0%         3d5       100%        4
 Leda's Liquefaction      Alch/Erth      0%         N/A       100%        4
 Manifold Assault         Tloc           1%         N/A       100%        4
 Olgreb's Toxic Radiance  Alch           1%         N/A       100%        4
 Passage of Golubria      Tloc           1%         N/A       100%        4
 Petrify                  Alch/Erth      1%         N/A       100%        4
 Summon Lightning Spire   Summ/Air       1%         N/A       100%        4
 Vhi's Electric Charge    Tloc/Air       2%         N/A       100%        4
 Alistair's Intoxication  Alch           0%         N/A       100%        5
 Borgnjor's Vile Clutch   Necr/Erth      0%         N/A       100%        5
 Fireball                 Conj/Fire      2%         3d4       100%        5
 Freezing Cloud           Conj/Ice/Air   0%         6-21      100%        5
 Irradiate                Conj/Alch      0%         3d11      100%        5
 Iskenderun's Battlesphe  Conj           2%         2d6       100%        5
 Lee's Rapid Deconstruct  Erth           0%         3d4*      100%        5
 Metabolic Englaciation   Hex/Ice        0%         N/A       100%        5
 Silence                  Hex/Air        0%         N/A       100%        5
 Summon Forest            Summ/Tloc      0%         N/A       100%        5
 Summon Mana Viper        Hex/Summ       1%         N/A       100%        5
 Yara's Violent Unravell  Hex/Alch       0%         3d3       100%        5
 Bombard                  Conj/Erth      0%         9d1       100%        6
 Conjure Ball Lightning   Conj/Air       0%         3x3d6     100%        6
 Dispersal                Tloc           0%         N/A       100%        6
 Eringya's Noxious Bog    Alch           0%         4d6       100%        6
 Sculpt Simulacrum        Ice/Alch       0%         N/A       100%        6
 Starburst                Conj/Fire      2%         6d3       100%        6
 Summon Cactus Giant      Summ           0%         N/A       100%        6
 Haunt                    Necr/Summ      0%         N/A       100%        7
 Malign Gateway           Summ/Tloc      0%         N/A       100%        7
 Orb of Destruction       Conj           1%         9d5       100%        7
 Ozocubu's Refrigeration  Ice            0%         4d7       100%        7
 Discord                  Hex            0%         N/A       100%        8
 Disjunction              Tloc           0%         N/A       100%        8
 Ignition                 Fire           3%         3d4       100%        8
 Infestation              Necr           0%         N/A       100%        8
 Lehudib's Crystal Spear  Conj/Erth      0%         10d2      100%        8
 Maxwell's Capacitive Co  Air            0%         ∞         100%        8
 Summon Horrible Things   Summ           0%         N/A       100%        8


Dungeon Overview and Level Annotations

Branches:
Dungeon (15/15)            Temple (1/1) D:6            Lair (5/5) D:9
  Swamp (4/4) Lair:3        Snake (4/4) Lair:3        Slime (0/5) Lair:5
    Orc (2/2) D:11            Elf (3/3) Orc:2        Vaults (5/5) D:14
  Crypt (3/3) Vaults:3       Tomb (0/3) Crypt:3      Depths (4/4) D:15
    Zot (5/5) Depths:4    Gauntlet (visited)

Altars:
Ashenzari
Cheibriados
Dithmenos
Fedhas
Gozag
Hepliaklqana
Kikubaaqudgha
Makhleb
Nemelex Xobeh
Okawaru
Qazlal
Ru
Sif Muna
Trog
Uskayaw
Vehumet
Wu Jian
Xom
Yredelemnul
Jiyva

Shops:
D:2 (   D:5 (   D:6 ?   D:7 ?   D:8 ?   D:9 *   D:13 :   D:14 !   Orc:1 [
Orc:2 [!:?   Elf:3 *   Snake:2 :   Snake:3 *[[?   Vaults:3 (   Vaults:4 *
Depths:1 (   Depths:3 ?([*   Depths:4 :

Portals:
Hell: Depths:1 Depths:2 Depths:3 Depths:4
Abyss: Depths:2 Depths:3
Pandemonium: Depths:1 Depths:2 Depths:3
Ziggurat: Depths:2
Trove: D:12 (show slimy rune of Zot)

Annotations:
Elf:2 3 runed translucent doors
Crypt:2 Osipn's ghost, veteran MiGl
Depths:4 3 runed translucent doors, Gucom's ghost, veteran GnFi; Ofremicawn's ghost, adept DrSh; Viocziel's ghost, adept TrMo; Xoedokom's ghost, adept TrMo; strangelove's ghost, master GrEE


Innate Abilities, Weirdness & Mutations

You are immune to poison.
You have sharp fingernails.
Your flesh is cold resistant. (rC+)
You are immune to negative energy. (rN+++)
You do not regenerate when monsters are visible.
You are immune to unholy pain and torment.
You thrive by killing the living.


Message History

You block the demonspawn corrupter's attack.
The demonspawn corrupter hits you but does no damage.
The demonspawn corrupter calls down the wrath of Lugonu upon you.
The entropic weave corrodes you!
The demonspawn corrupter calls forth creatures from the Realm of Zot!
The demonspawn corrupter attacks as it pursues you!
You block the demonspawn corrupter's attack.
The demonspawn corrupter misses you.
The demonspawn corrupter mumbles some strange prayers to Lugonu against you.
The entropic weave corrodes you!
The demonspawn corrupter attacks as it pursues you!
You block the demonspawn corrupter's attack.
You block the demonspawn corrupter's attack.
You block the demonspawn corrupter's attack.
The demonspawn corrupter calls forth creatures from the Tomb of the Ancients!
The moth of wrath disappears in a puff of smoke!
The demonspawn corrupter attacks as it pursues you!
You block the demonspawn corrupter's attack.
The mummy priest utters an invocation to its god.
The demonspawn corrupter attacks as it pursues you!
You block the demonspawn corrupter's attack.
Your shield discharges, shocking the demonspawn corrupter!
The demonspawn corrupter misses you. The smoke demon gestures at you.
Something smites you!
The demonspawn corrupter calls forth creatures from the Elven Halls!
The mummy priest mumbles some strange prayers to its god against you.
Something smites you!
The demonspawn corrupter invokes the aid of Lugonu against you.
The entropic weave corrodes you!
The deep elf high priest invokes the aid of its god against you.
The sphere of damnation explodes!
The damnation engulfs you!
The demonspawn corrupter calls forth creatures from the Tomb of the Ancients!
You are no longer corroded.
You see here a +0 robe.
You hear a grinding noise.
You hear a grinding noise.
You hear a grinding noise.
There is a staircase leading out of the dungeon here.
You have escaped!

#...##.#.##...##.#.#
#....
###6##.#.#8.##.#.#.##
#.... #.#8.#.##.8#.#.#e8#
#....
#.##.#....##.#.#M####....
#..#.#8###..##.#6#.......
##.#.###...##.##H##.#....
#.##...####.##e###.#####
#.y##8##...##.## #......
##..###@.###H## #.....#
##..#####He## #......
##.6..§.M4# #.....#
###...3..# ##.#....
####...# #......# #...#
#....... ###'#####......#
#.....##......#
#.....###..####


There were no monsters in sight!

Vanquished Creatures
  Frederick (Vaults:2)
  3 ancient liches (Zot:5)
  3 orbs of fire
  2 dread liches
  A juggernaut (Depths:2)
  A royal mummy (Crypt:2)
  5 Killer Klowns (Zot:5)
  A curse toe (Zot:2)
  4 caustic shrikes (Depths:4)
  Jory (Vaults:4)
  3 golden dragons
  A bone dragon (Crypt:3)
  Norris (Vaults:3)
  3 electric golems
  A shard shrike zombie (Crypt:3)
  4 liches
  5 tentacled monstrosities
  A walking earthen tome (Depths:2)
  2 quicksilver dragons
  25 Orb Guardians
  2 deep elf blademasters (Elf:3)
  A kraken (Swamp:1)
  5 sphinxes
  An ancient champion (Crypt:1)
  2 deep elf master archers (Elf:3)
  A death cob (Zot:5)
  A tentacled starspawn (Abyss:3)
  4 tengu reavers
  A thorn hunter (Swamp:4)
  4 storm dragons
  3 nagarajas
  A draconian monk (Zot:5)
  2 shadow dragons
  4 draconian knights (Zot:5)
  3 protean progenitors
  2 revenants (Crypt:1)
  2 draconian shifters
  A fenstrider witch (Swamp:4)
  8 deep elf sorcerers
  5 frost giants
  3 draconian scorchers
  4 fire giants
  3 deep elf elementalists (Elf:3)
  12 vault wardens
  An orc warlord (Vaults:2)
  A spectral caustic shrike (Crypt:2)
  19 ironbound preservers
  A spectral juggernaut (Crypt:2)
  2 spriggan defenders (Depths:4)
  2 draconian annihilators
  6 ghouls
  3 draconian stormcallers
  25 very ugly things
  2 green draconians
  4 deep elf death magi
  8 ironbound thunderhulks
  4 deep elf demonologists
  4 eleionomae
  14 stone giants
  The ghost of Fifowuza the Grappler, a journeyman DrSh of Wu Jian (Lair:4)
  7 dire elephants
  5 deep elf annihilators (Elf:3)
  4 vampire knights
  7 black draconians
  3 purple draconians
  A spectral titan (Crypt:2)
  Azrael (Snake:1)
  5 white draconians
  3 bunyips
  5 yellow draconians
  4 red draconians
  7 war gargoyles
  2 eidola
  3 spark wasps (Depths:2)
  4 green deaths
  11 ettins
  4 crystal guardians
  4 mummy priests (Crypt:2)
  12 fire dragons
  An entropy weaver (shapeshifter) (D:15)
  3 spriggan zombies
  10 yaktaur captains
  2 deep elf high priests (Elf:3)
  8 great orbs of eyes
  6 jiangshi
  A spectral fenstrider witch (Crypt:2)
  2 spectral spriggans (Crypt:2)
  A merfolk impaler (Depths:1)
  2 salamander tyrants
  Harold (Orc:1)
  Josephine (D:10)
  3 shambling mangroves (Swamp:4)
  28 vault guards
  2 entropy weavers
  6 rakshasas
  A quicksilver dragon skeleton (Crypt:3)
  6 spriggan air magi
  5 ghost crabs
  2 juggernaut simulacra
  9 ice dragons
  3 peacekeepers
  2 hell beasts
  3 ogre magi
  8 centaur warriors
  16 ironbound frosthearts
  10 alligators
  An anaconda (shapeshifter) (D:15)
  5 catoblepae
  22 hydras
  A spectral stone giant (Crypt:2)
  7 boulder beetles
  Erica (D:8)
  5 vampire magi
  A fenstrider witch skeleton (Crypt:3)
  An Orb Guardian skeleton (Crypt:1)
  2 death knights
  2 two-headed ogres
  18 dancing weapons
  3 deep troll shamans
  11 anacondas
  6 tengu warriors
  15 death yaks
  15 naga warriors
  8 naga sharpshooters
  A titan zombie (Crypt:3)
  3 deep troll earth magi
  2 occultists
  2 hell hogs
  9 spriggan berserkers
  A storm dragon zombie (Crypt:3)
  7 shock serpents
  2 soul eaters
  A spectral dire elephant (Crypt:2)
  A thrashing horror (Abyss:3)
  11 hell knights
  2 sun demons
  A shock serpent (shapeshifter) (D:15)
  2 shadow wraiths (Abyss:3)
  Sonja (Lair:2)
  A fire crab (shapeshifter) (Elf:2)
  8 deep elf knights
  2 sixfirhies
  5 skysharks
  A bunyip zombie (Crypt:3)
  4 iron trolls
  6 goliath frogs
  2 titan skeletons
  A spectral bunyip (Crypt:2)
  8 salamander mystics
  The ghost of Datul the Zephyrmancer, a novice DEAE of Gozag (D:9)
  3 spriggan druids
  54 deep trolls
  20 skeletal warriors
  13 sea snakes
  4 glowing orange brains
  A shadow demon (Zot:5)
  6 bog bodies
  3 flayed ghosts
  7 swamp dragons
  12 mana vipers
  Pikel (D:8)
  11 arcanists
  5 naga ritualists
  7 deep elf archers
  2 harpies (shapeshifter)
  3 large abominations (Abyss:3)
  14 ironbound convokers
  2 obsidian statues
  A lindwurm (shapeshifter) (D:15)
  A swamp dragon (shapeshifter) (Depths:4)
  6 phantasmal warriors
  A golden dragon skeleton (Depths:2)
  A shadow dragon zombie (Crypt:3)
  6 starcursed masses (Abyss:3)
  A steelbarb worm (shapeshifter) (D:15)
  16 lindwurms
  13 necromancers
  11 orc sorcerers
  16 deep elf zephyrmancers
  An alligator zombie (Crypt:2)
  7 orc knights
  15 salamanders
  A spectral ettin (Crypt:2)
  21 deep elf pyromancers
  11 cyclopes
  A stone giant zombie (Crypt:1)
  A wolf spider (D:15)
  A worldbinder (Abyss:3)
  A salamander (shapeshifter) (D:15)
  9 manticores
  A spectral fire dragon (Crypt:2)
  A fire giant zombie (Depths:2)
  48 ugly things
  10 elephants
  A meliai (shapeshifter) (D:11)
  A spectral centaur (Crypt:2)
  A black mamba (shapeshifter) (D:15)
  A moth of wrath (shapeshifter) (D:15)
  7 moths of wrath
  A dire elephant zombie (Crypt:3)
  2 rust devils (D:12)
  6 meliai
  2 kobold blastminers (Orc:1)
  An apocalypse crab (Abyss:3)
  10 vault sentinels
  7 guardian serpents
  A centaur skeleton (Crypt:2)
  23 black mambas
  3 smoke demons
  3 gargoyles
  14 cane toads
  A cane toad (shapeshifter) (D:11)
  16 naga magi
  4 orange demons
  3 hellions
  A komodo dragon (shapeshifter) (D:11)
  An unseen horror (D:13)
  42 yaktaurs
  4 rime drakes
  An efreet (D:14)
  2 ice devils
  13 komodo dragons
  An iron troll zombie (Crypt:1)
  3 kobold demonologists
  3 tormentors
  8 guardian mummies (Crypt:2)
  A silent spectre (Abyss:3)
  A minotaur skeleton (Crypt:2)
  3 spectral nagas (Crypt:2)
  An ancient zyme (Abyss:3)
  A spectral harpy (Crypt:2)
  A great orb of eyes zombie (Crypt:1)
  8 tengu conjurers
  A queen bee (shapeshifter) (D:15)
  8 trolls
  A spectral two-headed ogre (Crypt:2)
  A harpy zombie (Crypt:2)
  2 bloated husks (Swamp:3)
  A polar bear (shapeshifter) (Elf:2)
  4 red devils
  A harpy skeleton (Crypt:2)
  8 tyrant leeches
  4 polar bears
  20 hornets
  An ice dragon zombie (Crypt:2)
  A glass eye (Abyss:3)
  A fire dragon zombie (Crypt:3)
  A tarantella zombie (Crypt:2)
  2 raiju (shapeshifter)
  5 dream sheep (Lair:3)
  4 blink frogs (Lair:2)
  19 slime creatures
  4 air elementals
  2 centaur simulacra (D:15)
  A meliai zombie (Crypt:2)
  A black mamba zombie (Crypt:2)
  3 ynoxinuls
  5 shadows
  12 spriggans
  An ettin skeleton (Crypt:1)
  14 wraiths
  70 yaks
  8 fire elementals
  2 water elementals
  A basilisk (shapeshifter) (D:15)
  4 basilisks
  8 wyverns
  2 steam dragons
  7 wargs
  A neqoxec (D:12)
  A redback (shapeshifter) (Depths:3)
  14 vampire mosquitoes
  A human zombie (Depths:2)
  5 redbacks
  9 water moccasins
  A fire bat zombie (Crypt:1)
  23 swamp worms
  An entropy weaver zombie (Crypt:1)
  65 nagas
  6 acid dragons
  A cane toad zombie (Crypt:2)
  A demonspawn skeleton (Crypt:2)
  Duvessa (D:7)
  A naga skeleton (Crypt:3)
  5 hell hounds (Snake:1)
  7 swamp drakes
  A glowing shapeshifter skeleton (Depths:2)
  3 ice beasts
  A sky beast (D:7)
  22 orc warriors
  A black bear (Lair:4)
  30 laughing skulls
  2 small abominations (D:10)
  11 boggarts
  A wolf (D:9)
  11 ogres
  A phantom (D:7)
  A lemure (D:8)
  8 centaurs
  A torpor snail zombie (Crypt:2)
  2 kobold brigands
  16 bullfrogs
  Blork the orc (D:4)
  A gnoll sergeant (D:4)
  A brain worm (shapeshifter) (D:14)
  4 necrophages
  3 scorpions
  5 earth elementals
  10 wights
  Dowan (D:7)
  7 killer bees (D:8)
  A spriggan skeleton (Crypt:2)
  6 electric eels
  8 howler monkeys
  A troll skeleton (Crypt:1)
  An iron imp (Abyss:3)
  5 hounds
  4 jellies
  2 gnoll boudas
  10 orc priests
  A sleepcap (D:5)
  5 iguanas
  34 orc wizards
  4 hell rats (Lair:2)
  A boggart skeleton (Crypt:1)
  An ogre skeleton (Crypt:1)
  11 gnolls
  10 adders
  2 shadow imps
  4 ufetubi (D:7)
  A lava snake zombie (Crypt:2)
  64 orcs
  A bat skeleton (Crypt:1)
  10 endoplasms
  2 giant cockroaches
  3 goblins
  9 hobgoblins
  6 jackals
  16 kobolds
  8 quokkas
  12 ball pythons
  4 bats
  2 frilled lizards (D:1)
  2 rats
  An aspiring flesh (Zot:2)
  A spectral weapon (Vaults:4)
  2 tentacles (Swamp:1)
2029 creatures vanquished.

Vanquished Creatures (others)
  A fire giant (Depths:1)
  A deep troll (Depths:1)
  2 deep elf zephyrmancers
  A black mamba (Snake:4)
  2 bloated husks
  A kobold brigand (D:9)
  An orc (D:15)
  20 foxfires
  4 starspawn tentacles (Abyss:3)
  6 tentacles (Swamp:1)
39 creatures vanquished.

Grand Total: 2068 creatures vanquished

Notes
Turn   | Place    | Note
-------+----------+-------------------------------------------
     0 | D:1      | SnakkuSnakku7 the Ghoul Fire Elementalist began the quest
                  | for the Orb.
     0 | D:1      | Reached XP level 1. HP: 14/14 MP: 3/3
   228 | D:1      | Reached skill level 1 in Fighting
   228 | D:1      | Reached skill level 1 in Unarmed Combat
   228 | D:1      | Reached XP level 2. HP: 23/23 MP: 2/4
   667 | D:1      | Found a faded altar of an unknown god.
  1009 | D:1      | Reached XP level 3. HP: 29/29 MP: 5/5
  1366 | D:2      | Found Nefim's Weapon Emporium.
  1455 | D:2      | Found a snail-covered altar of Cheibriados.
  2124 | D:1      | Reached XP level 4. HP: 18/37 MP: 6/6
  2642 | D:3      | You fall into a shaft and drop 3 floors!
  2729 | D:6      | Reached XP level 5. HP: 45/45 MP: 7/7
  2822 | D:6      | Found The Oracle's Delphic Readings.
  2840 | D:6      | Bought a scroll of identify for 30 gold pieces
  2882 | D:6      | Reached XP level 6. HP: 50/52 MP: 8/8
  2924 | D:6      | Noticed a water moccasin
  2935 | D:6      | Killed a water moccasin
  2936 | D:6      | Reached skill level 5 in Unarmed Combat
  3022 | D:5      | Entered Level 5 of the Dungeon
  3378 | D:3      | Reached XP level 7. HP: 58/59 MP: 9/9
  4389 | D:4      | Noticed Blork the orc
  4412 | D:4      | Killed Blork the orc
  4987 | D:5      | Reached XP level 8. HP: 66/66 MP: 10/10
  5690 | D:5      | Found Jikauril's Antique Weapon Emporium.
  5711 | D:5      | Found a shimmering blue altar of Sif Muna.
  5712 | D:5      | Found a hazy altar of Hepliaklqana.
  5714 | D:5      | Found a radiant altar of Vehumet.
  5716 | D:5      | Found an opulent altar of Gozag.
  5719 | D:5      | Found an ancient bone altar of Kikubaaqudgha.
  5719 | D:5      | Found a shadowy altar of Dithmenos.
  5722 | D:5      | Found a broken altar of Ashenzari.
  5724 | D:5      | Found a bloodstained altar of Trog.
  5799 | D:5      | Bought a slimy morningstar for 180 gold pieces
  5799 | D:5      | Identified the +0 morningstar "Qomuivig" {drain, rPois}
                  | (You bought it in a shop on level 5 of the Dungeon)
  6159 | D:6      | Found a staircase to the Ecumenical Temple.
  6450 | D:6      | Reached skill level 1 in Axes
  6530 | D:5      | Bought a runed broad axe for 140 gold pieces
  6600 | Temple   | Entered the Ecumenical Temple
  6623 | Temple   | Became a worshipper of the Wu Jian Council
  6688 | D:7      | Reached skill level 2 in Axes
  6688 | D:7      | Noticed Duvessa
  6689 | D:7      | Noticed Dowan
  6814 | D:7      | Reached skill level 3 in Axes
  7133 | D:7      | Reached skill level 4 in Axes
  7208 | D:7      | Reached skill level 5 in Axes
  7208 | D:7      | Reached XP level 9. HP: 61/71 MP: 11/11
  7217 | D:7      | Reached * piety under Wu Jian
  7274 | D:7      | Noticed Prince Ribbit
  7276 | D:7      | Prince Ribbit changed into Prince Ribbit the water moccasin
  7276 | D:7      | Noticed Prince Ribbit
  7282 | D:7      | Killed Prince Ribbit the water moccasin
  7322 | D:7      | Found Qequ's Magic Scroll Shop.
  7507 | D:7      | Killed Duvessa
  7508 | D:7      | Reached skill level 6 in Axes
  7541 | D:7      | Killed Dowan
  8055 | D:8      | Noticed Maggie
  8063 | D:8      | Maggie changed into Maggie the naga
  8063 | D:8      | Noticed Maggie
  8074 | D:8      | Killed Maggie the naga
  8075 | D:8      | Reached skill level 7 in Axes
  8118 | D:8      | Found Rankum's Magic Scroll Shop.
  8354 | D:8      | Reached skill level 8 in Axes
  8392 | D:8      | Noticed Pikel
  8410 | D:8      | Killed Pikel
  8411 | D:8      | Reached skill level 9 in Axes
  8493 | D:8      | Noticed Maurice
  8561 | D:8      | Reached XP level 10. HP: 77/78 MP: 12/12
  8613 | D:8      | Noticed Erica
  8875 | D:8      | Killed Erica
  8876 | D:8      | Reached skill level 10 in Axes
  9367 | D:8      | Maurice changed into Maurice the bullfrog
  9367 | D:8      | Noticed Maurice
  9372 | D:8      | Killed Maurice the bullfrog
  9429 | D:8      | Reached ** piety under Wu Jian
  9503 | D:8      | Reached skill level 11 in Axes
  9799 | D:9      | Reached skill level 12 in Axes
 10026 | D:9      | Reached XP level 11. HP: 81/84 MP: 13/13
 10534 | D:9      | Noticed a two-headed ogre
 10542 | D:9      | Killed a two-headed ogre
 10543 | D:9      | Reached skill level 13 in Axes
 10557 | D:9      | Found a staircase to the Lair.
 10698 | D:9      | Noticed a boulder beetle
 10699 | D:9      | Found a runed translucent gate.
 10701 | D:9      | Found a runed translucent gate.
 10701 | D:9      | Noticed Datul's ghost (novice DEAE)
 10702 | D:9      | Found a runed translucent gate.
 11151 | D:9      | Found Haedan's Changing Room.
 11283 | D:10     | Entered Level 10 of the Dungeon
 11300 | D:10     | Reached *** piety under Wu Jian
 11625 | D:10     | Identified the +6 falchion of Ambiguity {flame, Fly rPois
                  | Int+3}
 11677 | D:10     | Noticed Josephine
 11749 | Lair:1   | Entered Level 1 of the Lair of Beasts
 11879 | Lair:1   | Reached skill level 14 in Axes
 11933 | Lair:1   | Noticed a skyshark
 11941 | Lair:1   | Killed a skyshark
 12182 | Lair:1   | Reached XP level 12. HP: 90/91 MP: 14/14
 12226 | Lair:1   | Noticed a five-headed hydra
 12254 | Lair:1   | Reached skill level 15 in Axes
 12331 | Lair:1   | Killed a one-headed hydra
 13045 | Lair:2   | Reached **** piety under Wu Jian
 13255 | Lair:2   | Noticed Sonja
 13267 | Lair:2   | Killed Sonja
 13268 | Lair:2   | Reached skill level 16 in Axes
 13591 | Lair:2   | Noticed a death yak
 13593 | Lair:2   | Noticed a death yak
 13595 | Lair:2   | Noticed a death yak
 13621 | Lair:1   | Killed a death yak
 13758 | Lair:2   | Noticed a death yak
 13759 | Lair:2   | Noticed a death yak
 13777 | Lair:1   | Killed a death yak
 14164 | Lair:1   | Killed a death yak
 14359 | Lair:2   | Killed a death yak
 14606 | Lair:3   | Reached skill level 17 in Axes
 14618 | Lair:3   | Found a burning altar of Makhleb.
 14638 | Lair:3   | Killed a death yak
 14652 | Lair:3   | Reached XP level 13. HP: 56/96 MP: 15/15
 15211 | Lair:3   | Found a staircase to the Swamp.
 15266 | Lair:3   | Found a staircase to the Snake Pit.
 15631 | Lair:3   | Reached ***** piety under Wu Jian
 15922 | Lair:3   | Reached skill level 18 in Axes
 15942 | Lair:4   | Reached skill level 1 in Shields
 16017 | Lair:4   | Found a large runed translucent door.
 16018 | Lair:4   | Found a large runed translucent door.
 16020 | Lair:4   | Noticed Fifowuza's ghost (journeyman DrSh)
 16589 | Lair:4   | Reached skill level 5 in Shields
 16673 | Lair:4   | Found a radiant altar of Vehumet.
 17266 | Lair:4   | Killed Fifowuza's ghost
 17316 | Lair:5   | Entered Level 5 of the Lair of Beasts
 18139 | Lair:5   | Reached XP level 14. HP: 97/104 MP: 16/16
 18181 | Lair:5   | Found a staircase to the Slime Pits.
 18181 | Lair:5   | Found a viscous altar of Jiyva.
 18866 | Lair:5   | Reached skill level 10 in Shields
 19014 | Lair:5   | Reached skill level 5 in Fighting
 19566 | D:7      | Bought a scroll of blinking for 97 gold pieces
 19655 | D:6      | Bought a scroll of teleportation for 45 gold pieces
 19655 | D:6      | Bought a scroll of enchant weapon for 112 gold pieces
 19655 | D:6      | Bought a scroll of fear for 60 gold pieces
 19766 | D:8      | Bought a scroll of teleportation for 36 gold pieces
 20193 | D:10     | Killed Josephine
 20563 | D:11     | Found a gate leading to a gauntlet.
 20570 | Gauntlet | Entered a Gauntlet
 20570 | Gauntlet | Found a transporter.
 20572 | Gauntlet | Noticed a dire elephant
 20579 | Gauntlet | Found a transporter.
 20580 | Gauntlet | Found a transporter.
 20583 | Gauntlet | Found a transporter.
 20584 | Gauntlet | Found a transporter.
 20585 | Gauntlet | Found a transporter.
 20628 | Gauntlet | Found a transporter.
 20648 | Gauntlet | Found a transporter.
 20661 | Gauntlet | Found a transporter.
 20678 | Gauntlet | Found a transporter.
 20682 | Gauntlet | Found a transporter.
 20691 | Gauntlet | Found a transporter.
 20964 | Gauntlet | Identified the +1 cloak of Time Monsters {+Blink Str+5
                  | Int-4}
 21018 | Gauntlet | Identified the +7 eveningstar of Nemelex Xobeh's Pride
                  | {flame, Str+2 SInv}
 21018 | Gauntlet | Found the ring of the Octopus King {rCorr HP+2 AC+2 EV+2
                  | SH+2}
 21047 | Gauntlet | Identified the +0 ring mail of the Wheelwright {Dex+4}
 21052 | Gauntlet | Got the Almanac of Corpses
 21382 | D:11     | Reached ****** piety under Wu Jian
 21383 | D:11     | Reached skill level 10 in Fighting
 21388 | D:11     | Reached skill level 1 in Armour
 21467 | D:11     | Found the +18 shield of the Gong {Loud rN+ Will+ rCorr
                  | EV-5}
 21891 | D:11     | Reached XP level 15. HP: 101/126 MP: 17/17
 22378 | D:11     | Reached skill level 5 in Armour
 22417 | D:11     | Identified the amulet "Isefuez" {RegenMP rF- MP+9 Slay+2
                  | SInv}
 22422 | D:11     | Identified the +0 chain mail "Edurrorgh" {*Slow Dex+4}
 22695 | D:11     | Found a staircase to the Orcish Mines.
 22953 | Orc:1    | Entered Level 1 of the Orcish Mines
 22958 | Orc:1    | You fall into a shaft and drop 1 floor!
 22958 | Orc:2    | Entered Level 2 of the Orcish Mines
 23218 | Orc:2    | Found a staircase to the Elven Halls.
 23267 | Orc:1    | Found Hestrika's Armour Emporium.
 23444 | Orc:1    | Noticed Harold
 23460 | Orc:1    | Killed Harold
 24473 | Orc:2    | Paralysed by an orc sorcerer for 3 turns
 24500 | Orc:2    | Found Utzone's Antique Armour Emporium.
 24521 | Orc:2    | Found a radiant altar of Vehumet.
 24548 | Orc:2    | Paralysed by an orc sorcerer for 4 turns
 24736 | Orc:2    | Found Voczenogh's Distillery.
 24791 | Orc:2    | Found an ancient bone altar of Kikubaaqudgha.
 24876 | Orc:2    | Found Appiu's Magic Scroll Emporium.
 24885 | Orc:2    | Found Kipnaschitiy's Book Emporium.
 24888 | Orc:2    | Bought a scroll of blinking for 97 gold pieces
 24888 | Orc:2    | Bought a scroll of teleportation for 39 gold pieces
 25084 | D:8      | Bought a scroll of acquirement for 624 gold pieces
 25084 | D:8      | Acquired 1197 gold pieces
 25231 | D:9      | Killed Datul's ghost
 25928 | D:12     | Reached skill level 10 in Armour
 26390 | D:12     | Found a portal to a secret trove of treasure.
 26986 | Orc:2    | Bought the +5 Storm Queen's Shield {shock, Fly rElec} for
                  | 1550 gold pieces
 26986 | Orc:2    | Found the +5 Storm Queen's Shield {shock, Fly rElec}
 27338 | D:13     | Found Emeynoit's Book Emporium.
 27390 | D:13     | Reached skill level 5 in Dodging
 27907 | D:14     | Reached XP level 16. HP: 134/134 MP: 18/18
 28342 | D:14     | Found Venuq's Distillery.
 28552 | D:14     | Found a gate to the Vaults.
 28821 | D:15     | Entered Level 15 of the Dungeon
 28829 | D:15     | Found an ancient bone altar of Kikubaaqudgha.
 28905 | D:15     | Found an ornate altar of the Wu Jian Council.
 29323 | D:15     | Identified the +4 flail of Zaezeat {antimagic, *Slow Int+3
                  | SInv}
 29417 | D:15     | Reached skill level 10 in Dodging
 29445 | D:15     | Noticed a tengu reaver
 29704 | D:15     | Killed a tengu reaver
 29968 | D:15     | Noticed a sphinx
 29984 | D:15     | Killed a sphinx
 30008 | D:15     | Identified the amulet "Huji" {Acrobat Harm rElec}
 30084 | D:15     | Got the Annotations on Spatial Necromantic Mysteries
 30182 | D:15     | Got the Papyrus of Concoctions and Locality
 30197 | D:15     | Found a staircase to the Depths.
 30243 | D:15     | Identified the +0 robe of the Game Afoot {rC- Str+3}
 30642 | Snake:1  | Entered Level 1 of the Snake Pit
 30899 | Snake:1  | Reached XP level 17. HP: 148/148 MP: 19/19
 30946 | Snake:1  | Noticed Azrael
 30978 | Snake:1  | Killed Azrael
 31516 | Snake:2  | Found Joel's Vocational Training.
 31602 | Snake:2  | Found a hazy altar of Hepliaklqana.
 31779 | Snake:2  | Reached skill level 15 in Fighting
 33028 | Snake:3  | Found Savuddoo's Armour Boutique.
 33037 | Snake:3  | Found Raugg's Magic Scroll Emporium.
 33037 | Snake:3  | Found Sutugh's Armour Emporium.
 33037 | Snake:3  | Found Emyts's General Store.
 33558 | Snake:4  | Entered Level 4 of the Snake Pit
 33713 | Snake:4  | Reached XP level 18. HP: 167/170 MP: 20/20
 34735 | Snake:4  | Got a serpentine rune of Zot
 34943 | Swamp:1  | Entered Level 1 of the Swamp
 35812 | Swamp:2  | Identified the +0 leather armour of the Catfish {Int+5}
 36454 | Swamp:3  | Reached XP level 19. HP: 185/185 MP: 21/21
 36479 | Swamp:4  | Entered Level 4 of the Swamp
 37000 | Swamp:4  | Got a decaying rune of Zot
 37471 | Vaults:1 | Entered Level 1 of the Vaults
 37815 | Vaults:1 | Reached skill level 15 in Armour
 38117 | Vaults:1 | Identified the +5 arbalest "Reex" {antimagic, Dex+6 Stlth-}
 38123 | Vaults:1 | Identified the +5 triple crossbow of Jaceb {penet, ^Drain
                  | rN++ Dex+5}
 38818 | Vaults:2 | Reached XP level 20. HP: 156/193 MP: 22/22
 39448 | Orc:2    | Bought the +3 pair of gauntlets of War {Slay+5} for 1615
                  | gold pieces
 39448 | Orc:2    | Found the +3 pair of gauntlets of War {Slay+5}
 40059 | Vaults:2 | Identified the orb "Volam" {*channel, Summ}
 40059 | Vaults:2 | Noticed Frederick
 40221 | Vaults:2 | Killed Frederick
 40412 | Vaults:2 | Identified the +0 buckler of Resilience {Dex+5}
 41134 | Vaults:3 | Found Voyhyell's Weapon Emporium.
 41234 | Vaults:3 | Reached XP level 21. HP: 163/201 MP: 23/23
 41396 | Vaults:3 | Identified the staff of the Twelve Xeniums {Fly Earth}
 41447 | Vaults:3 | Found a staircase to the Crypt.
 41571 | Vaults:3 | Noticed Norris
 41592 | Vaults:3 | Killed Norris
 42340 | Vaults:4 | Identified the +2 great sword of the Shark {spect, MP+9
                  | Int+5}
 42662 | Vaults:4 | Found a transporter.
 42663 | Vaults:4 | Found a radiant altar of Vehumet.
 43194 | Vaults:4 | Found Voc Paim's Assorted Antiques.
 43271 | Vaults:4 | Noticed Jory
 43408 | Vaults:4 | Killed Jory
 43424 | Vaults:4 | Found a transporter.
 43458 | Vaults:4 | Identified the ring "Hafuriyth" {rElec rN++ AC+4 Str+4
                  | Dex-4}
 43636 | Vaults:5 | Entered Level 5 of the Vaults
 43898 | Crypt:1  | Entered Level 1 of the Crypt
 44055 | Crypt:1  | Reached XP level 22. HP: 209/209 MP: 24/24
 45246 | Crypt:2  | Found a runed translucent door.
 45246 | Crypt:2  | Noticed Osipn's ghost (veteran MiGl)
 45344 | Crypt:2  | Identified the granite talisman of the Gloaming {Will+}
 45370 | Crypt:2  | Reached skill level 15 in Shields
 45511 | Crypt:2  | Noticed a royal mummy
 45531 | Crypt:2  | Killed a royal mummy
 45741 | Crypt:3  | Entered Level 3 of the Crypt
 45906 | Crypt:3  | Found a staircase to the Tomb.
 45927 | Crypt:3  | Identified the +1 war axe of Dienaej {heavy, rF- Int+6
                  | Dex+4}
 46199 | Crypt:3  | Reached skill level 1 in Evocations
 46311 | Crypt:3  | Found an ancient bone altar of Kikubaaqudgha.
 46311 | Crypt:3  | Noticed a dread lich
 46317 | Crypt:3  | Paralysed by something for 5 turns
 46325 | Crypt:3  | Killed a dread lich
 46366 | Crypt:3  | Identified the staff of the Dungeon {rElec rN+ Dex+2 Necro}
 46366 | Crypt:3  | Identified the death talisman of the Farmer {rCorr Int+3}
 46562 | Crypt:3  | Reached skill level 5 in Evocations
 47374 | Elf:1    | Entered Level 1 of the Elven Halls
 47384 | Elf:1    | Paralysed by an air elemental for 1 turns
 47392 | Elf:1    | Paralysed by an air elemental for 1 turns
 47525 | Elf:1    | Reached XP level 23. HP: 170/215 MP: 25/25
 47624 | Elf:1    | Got Dispater's Codex of the Entourage
 48314 | Elf:2    | Found a runed translucent gate.
 48315 | Elf:2    | Found a runed translucent gate.
 48316 | Elf:2    | Found a runed translucent gate.
 48326 | Elf:2    | Identified the +6 scimitar "Jagigiat" {flame, Str+3}
 48695 | Elf:3    | Entered Level 3 of the Elven Halls
 48836 | Elf:3    | Paralysed by an air elemental for 1 turns
 48970 | Elf:3    | Found a shimmering blue altar of Sif Muna.
 49273 | Elf:3    | Found Nuska's Assorted Antiques.
 49733 | Elf:3    | Reached skill level 10 in Evocations
 49773 | Abyss:3  | Cast into level 3 of the Abyss (a ghostly deep elf
                  | demonologist)
 49830 | Abyss:3  | Paralysed by accursed screaming for 1 turns
 50108 | Abyss:3  | Got an abyssal rune of Zot
 50117 | Elf:3    | Escaped the Abyss
 50153 | Elf:3    | Got Zuucw's Lectures on the Missiles
 50158 | Elf:3    | Got Orraics's Compendium of Distillation
 50188 | Elf:3    | Identified the ring "Tephoekk" {rN+ Dex+6}
 50192 | Elf:3    | Identified the staff "SnakkuSnakku7's Curse" {Int+4 SInv
                  | Earth}
 50288 | Elf:3    | Identified the +7 bardiche of the Enchanted Forest {heavy,
                  | Dex+4}
 50288 | Elf:3    | Identified the ring of Divine Compulsion {rF++ rC+ Will+}
 50289 | Elf:3    | Identified the amulet "Biumabb" {Fly rF+ Regen+}
 50401 | Elf:3    | Identified the +7 mace "Zewkaw" {venom, ^Contam ^Drain
                  | rElec Dex+3}
 50731 | Snake:3  | Bought the +9 storm dragon scales of the Curupira {rElec
                  | Will+ Str+3} for 1671 gold pieces
 50746 | Snake:3  | Bought a scroll of fog for 60 gold pieces
 50746 | Snake:3  | Bought a scroll of fear for 60 gold pieces
 50746 | Snake:3  | Bought a scroll of teleportation for 45 gold pieces
 50970 | D:8      | Bought a scroll of teleportation for 36 gold pieces
 50970 | D:8      | Bought a scroll of enchant armour for 90 gold pieces
 50970 | D:8      | Bought a scroll of revelation for 90 gold pieces
 51002 | D:7      | Bought a scroll of teleportation for 39 gold pieces
 51002 | D:7      | Bought a scroll of teleportation for 39 gold pieces
 51002 | D:7      | Bought a scroll of teleportation for 39 gold pieces
 51258 | Depths:1 | Entered Level 1 of the Depths
 51278 | Depths:1 | Found Asacsiuc's Weapon Emporium.
 51351 | Depths:1 | Found a gateway to Hell.
 51627 | Depths:1 | Reached XP level 24. HP: 224/224 MP: 25/25
 51738 | Depths:1 | Found a bloodstained altar of Trog.
 51814 | Depths:1 | Found a one-way gate leading to the halls of Pandemonium.
 51877 | Depths:1 | Found a shadowy altar of Dithmenos.
 52161 | Depths:2 | Found a one-way gate to the infinite horrors of the Abyss.
 52164 | Depths:2 | Found a one-way gateway to a ziggurat.
 52484 | Depths:2 | Noticed a juggernaut
 52497 | Depths:2 | Killed a juggernaut
 53170 | Depths:3 | Reached skill level 19 in Axes
 53210 | Depths:3 | Found Gozag's Antique Weapon Boutique.
 53222 | Depths:3 | Found an opulent altar of Gozag.
 53222 | Depths:3 | Found Gozag's Antique Armour Shop.
 53241 | Depths:3 | Found Gozag's Assorted Antiques.
 53289 | Depths:3 | Bought a potion of heal wounds for 500 gold pieces
 53503 | Depths:3 | Found Etyirhuw's Magic Scroll Shoppe.
 53511 | Depths:3 | Bought a scroll of fear for 72 gold pieces
 53817 | Depths:3 | Reached skill level 20 in Axes
 54314 | Depths:4 | Entered Level 4 of the Depths
 54431 | Depths:4 | Noticed a caustic shrike
 54432 | Depths:4 | Noticed a caustic shrike
 54435 | Depths:4 | Noticed a caustic shrike
 54435 | Depths:4 | Noticed a caustic shrike
 54455 | Depths:4 | Killed a caustic shrike
 54461 | Depths:4 | Killed a caustic shrike
 54510 | Depths:4 | Killed a caustic shrike
 54511 | Depths:4 | Reached skill level 21 in Axes
 54639 | Depths:4 | Killed a caustic shrike
 54640 | Depths:4 | Reached XP level 25. HP: 162/231 MP: 25/25
 54702 | Depths:4 | Found a gate to the Realm of Zot.
 55133 | Depths:4 | Found Qadek's Book Shop.
 55227 | Depths:4 | Found a runed translucent gate.
 55228 | Depths:4 | Found a runed translucent gate.
 55229 | Depths:4 | Noticed Viocziel's ghost (adept TrMo)
 55230 | Depths:4 | Noticed Ofremicawn's ghost (adept DrSh)
 55230 | Depths:4 | Noticed Xoedokom's ghost (adept TrMo)
 55230 | Depths:4 | Noticed strangelove's ghost (master GrEE)
 55231 | Depths:4 | Found a runed translucent gate.
 55231 | Depths:4 | Noticed Gucom's ghost (veteran GnFi)
 55290 | Zot:1    | Entered Level 1 of the Realm of Zot
 55323 | Zot:2    | Noticed an orb of fire
 55338 | Zot:1    | Killed an orb of fire
 55657 | Zot:5    | Entered Level 5 of the Realm of Zot
 56376 | Zot:5    | Noticed a Killer Klown
 56395 | Zot:5    | Noticed an ancient lich
 56425 | Zot:5    | Killed an ancient lich
 56430 | Zot:5    | Killed a Killer Klown
 56507 | Zot:5    | Noticed a Killer Klown
 56528 | Zot:5    | Killed a Killer Klown
 56540 | Zot:5    | Noticed an ancient lich
 56542 | Zot:5    | Noticed a Killer Klown
 56579 | Zot:5    | Killed an ancient lich
 56656 | Zot:5    | Reached skill level 15 in Dodging
 56682 | Zot:5    | Killed a Killer Klown
 56779 | Zot:5    | Noticed a dread lich
 56788 | Zot:5    | Killed a dread lich
 56839 | Zot:5    | Noticed an orb of fire
 56860 | Zot:5    | Noticed a Killer Klown
 56902 | Zot:5    | Killed an orb of fire
 56903 | Zot:5    | Reached XP level 26. HP: 185/239 MP: 25/25
 56914 | Zot:5    | Killed a Killer Klown
 57057 | Zot:5    | Noticed a Killer Klown
 57076 | Zot:5    | Killed a Killer Klown
 57103 | Zot:5    | Noticed an orb of fire
 57152 | Zot:5    | Killed an orb of fire
 57290 | Zot:5    | Noticed an ancient lich
 57316 | Zot:5    | Killed an ancient lich
 57489 | Zot:5    | Got the Orb of Zot
 57870 | D:10     | Noticed Niwuby the pandemonium lord
 57924 | D:9      | Noticed Fiunotz the pandemonium lord
 57929 | D:8      | Noticed a seraph
 58039 | D:5      | Noticed Giabbus the pandemonium lord
 58227 | D:$      | Escaped with the Orb!

Illustrated notes

Levels and vault maps discovered:
D:1:      nagdon_arrival_double_spiral, layout_basic,
          shapermc_ecumenical_altar_venn
D:2:      layout_basic, basic_altar, serial_shops, nicolae_shop_stone
D:3:      layout_loops_ring, kennysheep_generic_room_16
D:4:      layout_gridville, uniq_blork_the_orc
D:5:      layout_gridville, minitemple, serial_shops,
          nicolae_shop_tiny_real_fake_doors, serial_glass, glass_columns_a,
          glass_columns_b, item_on_display_a, minmay_strange_pillars,
          hangedman_decor_riveting, dreamdust_wishing_well
D:6:      layout_loops_ring, temple_doors_cd, nicolae_nh_oracle_at_delphi
D:7:      layout_loops_cross, serial_shops, nicolae_take_the_stairs,
          chequers_serial_rivers_micro_a, uniq_duvessa, uniq_prince_ribbit1
D:8:      layout_loops_ring, serial_shops, shop_scrolls, serial_bayou_pond_e,
          minmay_checkerbox, uniq_erica, uniq_maurice, uniq_maggie, uniq_pikel
D:9:      layout_basic, hellmonk_lair_entry_icy, gammafunk_ghost_split,
          nicolae_transmutations_shop
D:10:     layout_big_octagon, chequers_garden, evilmike_butchery, uniq_josephine
D:11:     minmay_the_grid_octo_tiled_squarecenter_mashed
          [minmay_the_grid_octo_teeth, minmay_the_grid_octo_fan_narrow,
          minmay_the_grid_octo_horde, minmay_the_grid_octo_checkered,
          minmay_the_grid_square_5x5_megaprize_crossed,
          minmay_the_grid_square_5x5_bridge, minmay_the_grid_square_5x5_inset,
          minmay_the_grid_square_5x5_minivault,
          minmay_the_grid_square_5x5_fat_x], layout_stronghold,
          minmay_orc_entry_temple_small, gauntlet_entry_generic
D:12:     minmay_isolated_rectangles_in_corner, layout_stronghold,
          nicolae_trove_entry_crossroad, serial_demonic, serial_demonic_c,
          serial_demonic_a, serial_demonic_e, serial_demonic_g
D:13:     layout_loops_corners, serial_shops, shop,
          hangedman_abyss_or_decor_passed, nicolae_zig_zag_zippers
D:14:     layout_basic, david_vaults_2, serial_shops,
          nicolae_shop_getting_attention
D:15:     vault_1, layout_loops_cross, nicolae_kikubaaqudgha_miasma_corner,
          nicolae_wu_jian_immortal_techniques
Temple:   nicolae_temple_bog_church
Lair:1:   layout_roguey, grunt_megastairs_3
Lair:2:   layout_gridlike, uniq_sonja
Lair:3:   layout_chaotic_city, minmay_swamp_entry_worms,
          minmay_snake_entry_guardpost_small, basic_altar, grunt_megastairs_5
Lair:4:   layout_cave_pods, basic_altar, ebering_ghost_disaster_area
Lair:5:   evilmike_catoblepas_cave, layout_cellular_growth, slime_entry_1,
          infiniplex_staircase_pool_2
Swamp:1:  layout_basic_swamp, nicolae_swamp_small_spring, swamp_pool_3,
          nicolae_swamp_thats_no_hydra
Swamp:2:  layout_basic_swamp, nicolae_swamp_triple_paths, swamp_pool_3
Swamp:3:  layout_basic_swamp, nicolae_swamp_ascending_descending,
          nicolae_swamp_decorative_isthmus
Swamp:4:  swamp_basic_johnstein, layout_basic_swamp
Snake:1:  layout_misc_corridors, library_closet, grunt_megastairs_1, uniq_azrael
Snake:2:  layout_layer_cave, basic_altar, nicolae_shop_vocational
Snake:3:  layout_layer_cave, nicolae_wooded_promenade
Snake:4:  johnstein_snake_rune_scales, layout_basic, serial_curves,
          eino_curves_01, eino_curves_03
Orc:1:    layout_caves, serial_shops, shop, lightli_orcish_oven, uniq_harold
Orc:2:    kennysheep_orc_mage_school, layout_caves,
          einodemon_armed_red_devil_minivault
Elf:1:    layout_loops_ring, minmay_elf_demonology, dk_noncrumbling_2
Elf:2:    elven_hall_of_blades_hangedman_original [mumra_blade_entry_bloodbath],
          layout_gridlike, nicolae_fountain_basement
Elf:3:    elf_hall_gauntlet_wide, layout_onion_city, basic_altar, serial_shops,
          shop, serial_sigils, serial_sigils_hangedman_snap,
          serial_sigils_hangedman_gut, serial_sigils_hangedman_snap
Vaults:1: ontoclasm_vaults_spin, v_rooms_2, nicolae_vaults_yaktaur_gun_rack,
          nicolae_vaults_frosty_reception, ontoclasm_vaults_chip,
          layout_vaults_omnigrid
Vaults:2: nicolae_vaults_trapezoid_3, nicolae_vaults_little_squares_2,
          grunt_vaults_diagonal, v_alt_pattern_5,
          nicolae_vaults_storage_room_doors, nicolae_vaults_spaceships,
          hangedman_vaults_snaps, nicolae_vaults_know_your_exits,
          nicolae_vaults_little_squares_2, nicolae_vaults_big_ls,
          nicolae_vaults_trapezoid_3, nicolae_vaults_trapezoid_layered,
          layout_vaults_omnibox, uniq_frederick
Vaults:3: grunt_vaults_trifunnel, vaults_room_corners, nicolae_vaults_diamond_2,
          minmay_crypt_entry_nasty_monster, nicolae_vaults_sesquioval_fish,
          v_alt_pattern_1, v_pattern_3, dpeg_vaults_monster_row,
          nicolae_vaults_trapezoid_2, vaults_room_guarded_vault,
          vaults_dpeg_encased_lava, nicolae_vaults_wine_cellar,
          layout_vaults_maze_snakey, serial_shops, shop, uniq_norris
Vaults:4: nicolae_vaults_windows_and_doors_thing, gammafunk_sealed_library,
          v_pattern_2, v_misc_27, nicolae_vaults_closet_pinwheel_2,
          nicolae_vaults_closet_pinwheel_3, v_misc_12,
          nicolae_vaults_layer_cake_slice, vaults_mumra_chevron,
          vaults_dpeg_hooks, layout_vaults_omnicross, serial_shops,
          nicolae_shop_behind_doors, uniq_jory
Vaults:5
Crypt:1:  layout_misc_corridors, nicolae_crypt_more_like_crabt,
          grunt_crypt_arrival_webbed
Crypt:2:  lemuel_minitomb, layout_chaotic_city, gammafunk_ghost_grave
Crypt:3:  cryptofortress_bobbens
Depths:1: layout_gridlike, serial_shops, nicolae_shop_scrapyard,
          grunt_dithmenos_smoke_and_mirrors, pf_coc_iceberg,
          grunt_pan_entry_sceptre, kennysheep_cross_bottleneck, bloody_trog
Depths:2: four-leaf_vault, layout_cave_pools, enter_ziggurat_d,
          rand_demon_pan_entry_4, abyss_entry_small_statue_room, hell_entry
Depths:3: kennysheep_gozag_temple, layout_basic, kennysheep_decorative_pillar,
          hell_entry, rand_demon_pan_entry_3, hangedman_abyss_entry_splay,
          serial_shops, nicolae_shop_getting_attention,
          minmay_misc_feat_nine_boxes
Depths:4: grunt_zot_entry_gee_three, layout_twisted_cross, serial_shops, shop,
          gammafunk_ghost_cemetery, hellmouth_1
Zot:1:    circus_mu, layout_basic
Zot:2:    kennysheep_bubbly, layout_gridlike, drop_trap, skrybe_zot_glass_3
Zot:3:    layout_basic, regret_index_zotdec_misc_clamp, lemuel_elevator
Zot:4:    grunt_deathspiral_small, layout_concentric_octagons, basic_altar,
          bh_zot_lava_cross, guppyfry_library_mini, uniq_josephina
Zot:5:    layout_misc_corridors, st_stairs_9

Skill      XL: |  1  2  3  4  5  6  7  8  9 10 11 12 13 14 15 16 17 18 19 20 21 22 23 24 25 26 |
---------------+-------------------------------------------------------------------------------+-----
Fighting       | 1 2 3 4 10 12 17 20 | 20.0
Unarmed Combat | 1 2 3 4 6 8 9 |  9.3
Axes           | 5 9 12 14 17 18 21 | 21.0
Shields        | 8 10 13 16 18 20 | 20.0
Armour         | 3 10 11 15 18 20 | 20.0
Dodging        | 5 10 15 | 15.0
Evocations     | 5 10 11 13 | 13.8
Stealth        | |  2.1
Spellcasting   | |  1.7
Conjurations   | |  0.7
Fire Magic     | |  2.4

Action                     |  1- 3 |  4- 6 |  7- 9 | 10-12 | 13-15 | 16-18 | 19-21 | 22-24 | 25-27 || total
---------------------------+-------+-------+-------+-------+-------+-------+-------+-------+-------++-------
  Melee: Unarmed           |   104 |   115 |   350 |       |       |       |       |       |       ||   569
         Punch             |     1 |     4 |     4 |       |       |       |       |       |       ||     9
         Broad axe         |       |       |    45 |   512 |  1217 |  1253 |  1184 |  1791 |   783 ||  6785
         War axe           |       |       |       |     4 |    19 |    20 |    43 |       |       ||    86
  Throw: Dart              |       |       |       |     3 |     2 |       |       |       |       ||     5
   Cast: Foxfire           |    12 |       |       |     1 |       |       |       |       |       ||    13
Ability: Lunge             |       |       |    12 |    24 |    71 |    88 |    74 |   105 |    24 ||   398
         Whirlwind         |       |       |       |     4 |     9 |    19 |     6 |    25 |    23 ||    86
  Evoke: Wand              |       |       |     9 |    22 |     5 |     1 |       |     5 |     6 ||    48
         Phial of floods   |       |       |       |       |     1 |     1 |     1 |       |       ||     3
    Use: Scroll            |     2 |     5 |     5 |    11 |    19 |     4 |     3 |     5 |     9 ||    63
         Potion            |       |       |     2 |     5 |     4 |     1 |       |     2 |     7 ||    21
   Stab: Sleeping          |     1 |       |     1 |       |       |       |       |       |       ||     2
         Invisible         |       |       |       |       |     1 |       |       |       |       ||     1
         Distracted        |       |       |       |       |       |       |       |     1 |       ||     1
 Armour: Robe              |    17 |       |       |       |       |       |       |       |       ||    17
         Ring mail         |    96 |    71 |   261 |   137 |       |       |       |       |       ||   565
         Chain mail        |       |       |       |   238 |   490 |       |       |       |       ||   728
         Plate armour      |       |       |       |       |   275 |   717 |   910 |   609 |       ||  2511
         Storm dragon scal |       |       |       |       |       |       |       |   346 |   540 ||   886
  Dodge: Dodged            |    95 |    61 |   169 |   171 |   206 |   224 |   267 |   346 |   197 ||  1736
  Block: Buckler           |       |       |    25 |    28 |       |       |       |       |       ||    53
         Kite shield       |       |       |       |   100 |   545 |   806 |   771 |  1071 |   488 ||  3781
